Map: Cerulean Fall LE

Players

Neeb - Winner!

  • Race: Protoss Protoss
  • League: Master
  • Spawn Location: 1:00

Elazer

  • Race: Zerg Zerg
  • Spawn Location: 7:00

Event: IEM Season 13 - Katowice Server Qualifiers Europe

VOD

Have the link to the VOD?

Description

Time

  • Played on: Jan. 8, 2019, 9:27 a.m.
  • Length: 4:55

All games in this series

Show
View Real Time Build Order
Export as new Build Order

Neeb Protoss - Winner!

Build Orders: 1 Gate Expand, Oracle Opening 

Get SALT Encoding   

  12  0:00  Probe  
  13  0:12  Probe  
  14  0:18  Pylon  
  14  0:24  Probe  
  15  0:29  Assimilator  
  15  0:34  Probe  
  16  0:43  Probe  
  16  0:44  Gateway  
  17  0:52  Probe  
  18  1:04  Probe  
  19  1:17  Probe  
  20  1:25  Nexus  
  20  1:34  Cybernetics Core  
  20  1:38  Probe  
  21  1:43  Assimilator  
  21  1:50  Probe  
  21  1:53  Pylon  
  22  2:02  Probe, Adept  
  23  2:13  Warp Gate  
  23  2:14  Probe  
  26  2:20  Stargate  
  26  2:21  Adept  
  26  2:26  Probe  
  29  2:35  Pylon  
  29  2:38  Probe  
  29  2:41  Probe  
  31  2:46  Adept  
  33  2:53  Oracle, Probe  
  34  2:59  Probe  
  38  3:07  Probe  
  38  3:11  Probe  
  40  3:16  Pylon  
  38  3:20  Gateway  
  38  3:21  Oracle, Probe  
  38  3:26  Gateway  
  46  3:43  Shield Battery  
  46  3:44  Stalker, Shield Battery  
  44  3:50  Shield Battery  
  44  3:54  Oracle  
  44  3:55  Shield Battery  
  44  4:01  Pylon  
  47  4:16  Stalker  
  49  4:23  Stalker  
  51  4:26  Probe x2, Zealot  
  53  4:38  Probe  
  53  4:41  Zealot  
  53  4:42  Probe  
  54  4:46  Zealot  
  54  4:47  Zealot  
Show
View Real Time Build Order
Export as new Build Order

Elazer Zerg 

Build Orders: Hatch First 

Get SALT Encoding   

  12  0:01  Drone  
  13  0:11  Overlord  
  13  0:17  Drone  
  14  0:30  Drone x2  
  16  0:48  Hatchery  
  15  0:51  Drone  
  15  0:55  Drone  
  17  0:58  Drone  
  18  1:09  Extractor  
  17  1:13  Spawning Pool  
  17  1:16  Drone  
  17  1:20  Drone  
  18  1:27  Drone  
  19  1:38  Drone  
  20  1:48  Drone  
  21  2:00  Queen x2  
  25  2:01  Zergling x4  
  27  2:09  Metabolic Boost  
  27  2:12  Overlord  
  27  2:13  Drone  
  28  2:24  Roach Warren  
  27  2:40  Zergling x2  
  27  2:41  Zergling x2  
  29  2:44  Overlord  
  29  3:04  Roach x5  
  39  3:11  Roach  
  39  3:12  Spore Crawler  
  40  3:13  Zergling x4  
  40  3:14  Zergling x2  
  44  3:20  Overlord  
  44  3:27  Overlord  
  44  3:39  Zergling x8  
  48  3:43  Ravager  
  48  3:46  Zergling x2  
  49  3:50  Zergling x2  
  49  3:57  Zergling x2  
  49  3:59  Ravager  
  51  4:08  Zergling x4  
  50  4:18  Zergling x4  
  52  4:28  Zergling x2  
  52  4:29  Zergling x2  
  47  4:34  Zergling x2  

Tags
 
Add a new tag
Caveats
  • Supply blocks, unpowered buildings, or Contaminate may cause inaccurate times.
  • Supply counts are checked every 10 seconds.